General information
			
			
        
        - name: BNet
 
        - type: Ladder 1vs1/FFA
 
        - host: Battle.net
 
        - saver: IPRACTICE2SUCK
 
        
map: TurtleRock 
        - players: 2
 
        - length: 11:48
 
        - speed: Fast
 - version: 1.22 W3XP
 - replay type:  Public
 
» download(63 KB)
Players
        team 1 (winner) 
              
              
IPRACTICE2SUCK (
orange | 250 APM | 2948 actions | 11:48)
              
 3 Death Knight 
 2 Death Coil
 1 Unholy Aura
 2 Lich 
 1 Frost Nova
 1 Dark Ritual
 
                » actions 
                
                | Assign group hotkey | 49 |  | 
| Basic commands | 24 |  | 
| Build / train | 51 |  | 
| Enter build submenu | 12 |  | 
| Enter hero's abilities submenu | 5 |  | 
| Remove unit from queue | 8 |  | 
| Right click | 1318 |  | 
| Select / deselect | 308 |  | 
| Select group hotkey | 1101 |  | 
| Use ability | 72 |  | 
                2948 total
 » units 
                
                | Acolyte | 4 |  | 
| Ghoul | 13 |  | 
| Gargoyle | -3 |  | 
| Obsidian Statue | 3 |  | 
                17 total
 » upgrades
                » buildings
                
                | Altar of Darkness | 1 |  | 
| Ziggurat | 5 |  | 
| Crypt | 1 |  | 
| Tomb of Relics | 1 |  | 
| Halls of the Dead | 2 |  | 
| Graveyard | 1 |  | 
| Black Citadel | 3 |  | 
| Slaughterhouse | 1 |  | 
                15 total
 » build order
                00:04 Altar of Darkness
00:08 Ziggurat
00:34 Crypt
00:58 Tomb of Relics
01:15 Ziggurat
03:26 Halls of the Dead
03:26 Halls of the Dead
03:50 Graveyard
04:10 Ziggurat
05:58 Black Citadel
05:58 Black Citadel
06:29 Slaughterhouse
07:02 Ziggurat
07:37 Ziggurat
» items
                
                | Rod of Necromancy | 6 |  | 
| Orb of Corruption | 1 |  | 
| Scroll of Healing | 1 |  | 
                8 total
  
               team 2 (loser) 
              
              
ActionJackson3 (
pink | 146 APM | 1723 actions | 11:47)
              
 3 Archmage 
 2 Summon Water Elemental
 1 Brilliance Aura
 1 Goblin Alchemist 
 1 Acid Bomb
 
                » actions 
                
                | Assign group hotkey | 44 |  | 
| Basic commands | 206 |  | 
| Build / train | 51 |  | 
| Enter build submenu | 14 |  | 
| Enter hero's abilities submenu | 5 |  | 
| Give item / drop item | 2 |  | 
| Right click | 473 |  | 
| Select / deselect | 268 |  | 
| Select group hotkey | 588 |  | 
| Use ability | 72 |  | 
                1723 total
 » units 
                
                | Peasant | 17 |  | 
| Footman | 8 |  | 
| Priest | 2 |  | 
| Sorceress | 3 |  | 
| Spell Breaker | 1 |  | 
| Rifleman | 1 |  | 
                32 total
 » buildings
                
                | Altar of Kings | 1 |  | 
| Barracks | 1 |  | 
| Farm | 6 |  | 
| Scout Tower | 1 |  | 
| Keep | 1 |  | 
| Arcane Vault | 1 |  | 
| Arcane Tower | 1 |  | 
| Lumber Mill | 1 |  | 
| Arcane Sanctum | 1 |  | 
| Guard Tower | 2 |  | 
| Blacksmith | 1 |  | 
                17 total
 » build order
                00:07 Altar of Kings
00:10 Barracks
00:17 Farm
00:39 Farm
01:38 Farm
01:44 Scout Tower
03:36 Keep
03:45 Arcane Vault
03:47 Arcane Tower
04:54 Farm
04:56 Farm
05:03 Lumber Mill
06:02 Arcane Sanctum
07:55 Farm
08:21 Guard Tower
08:31 Guard Tower
09:24 Blacksmith
» items
                
                | Lesser Clarity Potion | 2 |  | 
| Ivory Tower | 2 |  | 
| Potion of Healing | 4 |  | 
| Scroll of Regeneration | 1 |  | 
                9 total
  
                Chat log
          (00:22 / All) IPRACTICE2SUCK: gl
(00:24 / All) ActionJackson3: hf
(00:39 / All) IPRACTICE2SUCK: pause for a sec bro?
(00:43 / All) ActionJackson3: jk
(00:45 / All) ActionJackson3: k
(00:46 / All) IPRACTICE2SUCK: kk thx
(00:48 / All) ActionJackson3: k